[Event "World Team-ch Women 2017"]
[Site "Khanty-Mansyisk"]
[Date "2017.06.24"]
[Round "7"]
[White "Melia, Salome"]
[Black "Fataliyeva, Ulviyya"]
[Result "1-0"]
[ECO "C11"]
[WhiteElo "2393"]
[BlackElo "2341"]
[Annotator "NA"]
[PlyCount "95"]
[EventDate "2017.??.??"]
[EventType "team-tourn"]
[EventCountry "RUS"]
[SourceTitle "playchess.com"]
[Source "ChessBase"]
[SourceQuality "1"]
[WhiteTeam "GEO"]
[BlackTeam "AZE"]
[WhiteTeamCountry "GEO"]
[BlackTeamCountry "AZE"]
[TimeControl "40/5400+30:1800+30"]

1. e4 e6 2. d4 d5 3. Nc3 Nf6 4. e5 Nfd7 5. f4 c5 6. Nf3 Nc6 7. Be3 cxd4 8. Nxd4 Bc5 9. Qd2 O-O 10. O-O-O a6 11. h4 Nxd4 12. Bxd4 b5 13. Kb1 b4 {[%emt 0:01:10] C11: French: Classical System: 4 e5 and 4 Bg5 dxe4} 14. Ne2 a5 15. h5 {[%emt 0:01:05] LiveBook: 7 Games} Ba6 {[%emt 0:01:10] [#]} (15... Qb6 $5) 16. h6 (16. f5 $1 $11 ) 16... g6 17. Ng3 (17. Nc1 Qc7 18. Nb3 Be7 19. Bd3 a4 20. Nc1 Rfc8 21. b3 {0-1 (30) Granda Zuniga,J (2646)-Narciso Dublan,M (2508) Sitges 2016}) 17... Qc7 $146 ({Predecessor:} 17... Bxf1 18. Nxf1 Qb6 19. Ne3 a4 20. Ng4 b3 21. cxb3 axb3 {1-0 (33) Sanal,V (2481)-Konstantinov,A (2264) Novi Sad 2016}) 18. Bxa6 Rxa6 19. Nf1 a4 20. Rh3 Rb8 21. Ne3 b3 ({Black should try} 21... Rc6 $17 22. c3 Rc8) 22. cxb3 axb3 23. a3 Bxd4 24. Qxd4 Rc6 $2 {[%emt 0:00:09] [#]} (24... Rc8 $15 {keeps the upper hand.}) 25. Nxd5 $1 exd5 26. e6 $1 f6 27. exd7 Rd6 $18 28. Rc3 Qxd7 29. Qd3 Qa4 30. g3 Rd7 31. Qe2 Kf7 32. Re1 Qe4+ 33. Qxe4 dxe4 34. Rxe4 Rd1+ 35. Rc1 Rbd8 36. Rec4 Ke6 37. g4 R8d3 38. Rc7 R1d2 39. Rxh7 Rh2 40. Rb7 Rxh6 41. Rb6+ Kd5 42. Rxf6 Ke4 43. Re1+ Kf3 44. f5 Kf2 45. Rc1 Rf3 46. g5 Rh5 47. fxg6 Rxg5 48. Rf1+ 1-0

[Event "World Team-ch Women 2017"]
[Site "Khanty-Mansyisk"]
[Date "2017.06.24"]
[Round "7"]
[White "Vo, Thi Kim Phung"]
[Black "Yu, Jennifer R"]
[Result "0-1"]
[ECO "D02"]
[WhiteElo "2378"]
[BlackElo "2319"]
[Annotator "NA"]
[PlyCount "94"]
[EventDate "2017.??.??"]
[EventType "team-tourn"]
[EventCountry "RUS"]
[SourceTitle "playchess.com"]
[Source "ChessBase"]
[SourceQuality "1"]
[WhiteTeam "VIE"]
[BlackTeam "USA"]
[WhiteTeamCountry "VIE"]
[BlackTeamCountry "USA"]
[TimeControl "40/5400+30:1800+30"]

1. d4 d5 2. Nf3 Nf6 3. g3 c6 4. Bg2 Bf5 5. O-O e6 6. c4 Nbd7 7. Nc3 dxc4 {[%emt 0:05:07] D11: Slav Defence: 3 Nf3 sidelines and 3...Nf6 4 e3 Bg4} 8. Nh4 (8. a4 a5 9. Nh4 Bg4 10. h3 Bh5 11. f4 Nd5 12. Nf3 Bg6 13. Nh4 Bh5 14. Nf3 Bb4 15. Qc2 {0-1 (32) Shimanov,A (2639)-Adhiban,B (2689) Atlantic City 2016}) 8... Bg4 9. h3 Bh5 $1 10. g4 Nd5 11. e4 {[%emt 0:10:58] LiveBook: 4 Games} Nb4 12. Nf3 Bg6 13. Be3 $146 ({Predecessor:} 13. b3 cxb3 14. Qxb3 Qc7 15. Rb1 {1-0 (53) Lintchevski,D (2532)-Hasangatin,R (2509) Kazan 2017}) 13... Nd3 14. a3 Nxb2 15. Qb1 Qb6 16. Nd2 h5 17. gxh5 ({Better is} 17. Qc2 $14) 17... Rxh5 18. Qc2 $11 c5 19. dxc5 Bxc5 20. Rab1 Bxe3 21. Rxb2 Qc5 22. Rb5 Qxa3 23. Nxc4 Qa6 24. Rxh5 Bxh5 25. Nxe3 Rc8 26. Qb2 Rc5 27. Ra1 Qd3 28. Ncd1 Rg5 29. Qxb7 Bf3 30. Qb1 Bxg2 31. Nxg2 Qxh3 32. Nde3 Rh5 33. f4 a5 34. Kf2 g5 35. f5 g4 36. Ke2 Qf3+ 37. Kd3 exf5 38. exf5 Rxf5 39. Qe1 Re5 40. Rxa5 Qe4+ 41. Kc3 Rxa5 42. Nc4 Qxe1+ 43. Nxe1 Ra1 44. Ng2 Ra2 45. Nce3 Rf2 46. Kd4 g3 47. Nh4 Rf4+ 0-1

[Event "World Team-ch Women 2017"]
[Site "Khanty-Mansyisk"]
[Date "2017.06.24"]
[Round "7"]
[White "Foisor, Sabina-Francesca"]
[Black "Hoang, Thi Bao Tram"]
[Result "1/2-1/2"]
[ECO "D70"]
[WhiteElo "2331"]
[BlackElo "2380"]
[Annotator "NA"]
[PlyCount "95"]
[EventDate "2017.??.??"]
[EventType "team-tourn"]
[EventCountry "RUS"]
[SourceTitle "playchess.com"]
[Source "ChessBase"]
[SourceQuality "1"]
[WhiteTeam "USA"]
[BlackTeam "VIE"]
[WhiteTeamCountry "USA"]
[BlackTeamCountry "VIE"]
[TimeControl "40/5400+30:1800+30"]

1. d4 d5 2. c4 c6 3. Nf3 Nf6 4. Nbd2 g6 {[%emt 0:03:12] D11: Slav Defence: 3 Nf3 sidelines and 3...Nf6 4 e3 Bg4} (4... Bf5 5. Nh4 Be6 6. e3 g6 7. b3 Bg7 8. Bb2 O-O 9. Rc1 Ne4 10. Bd3 Nxd2 11. Qxd2 Nd7 12. cxd5 cxd5 {½-½ (87) Mamedyarov,S (2756)-Gelfand,B (2747) Jurmala 2015}) 5. b3 Bg7 6. Bb2 O-O 7. e3 Ne4 8. Bd3 Bf5 9. Qe2 $146 ({Predecessor:} 9. Bxe4 dxe4 10. Nh4 c5 11. Nxf5 gxf5 12. Qh5 cxd4 13. O-O-O e6 14. g4 f4 15. Nxe4 Nc6 16. exd4 Qa5 17. d5 {1-0 (17) Mamedyarov,S (2542)-Guliev,S (2481) Kocaeli 2002}) 9... Nxd2 10. Nxd2 Bxd3 11. Qxd3 c5 12. O-O cxd4 13. exd4 Nc6 14. c5 Rc8 15. Nf3 Re8 16. Rad1 b6 17. Ba3 bxc5 18. Bxc5 Qd7 19. b4 e6 20. a4 $11 Bf8 21. b5 Na5 22. Ne5 Qc7 23. Rc1 Bd6 24. Ng4 Red8 25. Rc3 f5 26. Ne5 Bxe5 27. dxe5 Nc4 28. Bd4 Qa5 29. h4 Rd7 30. h5 Qxa4 31. hxg6 hxg6 32. Qg3 Rg7 33. Qg5 Qxb5 34. Ra1 a5 35. Rh3 Qb4 36. Rh6 Qe7 37. Qf6 Rf8 38. Qxe7 Rxe7 39. Bc5 Rg7 40. Bxf8 Kxf8 41. f4 Rb7 42. Rxg6 Kf7 43. Rf6+ Ke7 44. g4 fxg4 45. Kg2 Rb3 46. Rh1 Rh3 47. Rxh3 gxh3+ 48. Kf3 1/2-1/2

[Event "World Team-ch Women 2017"]
[Site "Khanty-Mansyisk"]
[Date "2017.06.24"]
[Round "7"]
[White "Gorti, Akshita"]
[Black "Nguyen, Thi Mai Hung"]
[Result "0-1"]
[ECO "D12"]
[WhiteElo "2240"]
[BlackElo "2301"]
[Annotator "NA"]
[PlyCount "90"]
[EventDate "2017.??.??"]
[EventType "team-tourn"]
[EventCountry "RUS"]
[SourceTitle "playchess.com"]
[Source "ChessBase"]
[SourceQuality "1"]
[WhiteTeam "USA"]
[BlackTeam "VIE"]
[WhiteTeamCountry "USA"]
[BlackTeamCountry "VIE"]
[TimeControl "40/5400+30:1800+30"]

1. d4 d5 2. c4 c6 3. Nf3 Nf6 4. e3 Bf5 5. Nc3 e6 6. Nh4 Be4 7. f3 Bg6 8. Qb3 Qc7 9. Bd2 {[%emt 0:00:46] D12: Slav Defence: 3 Nf3 Nf6 4 e3 Bf5} Nbd7 (9... a6 10. Rc1 dxc4 11. Bxc4 Nbd7 12. a4 Be7 13. g3 Bh5 14. O-O O-O 15. Ng2 Rad8 16. Nf4 Kh8 {½-½ (34) So,W (2822)-Caruana,F (2817) chess.com INT 2017}) 10. cxd5 Nxd5 11. Nxd5 exd5 12. e4 dxe4 13. Nxg6 hxg6 14. fxe4 Nf6 (14... O-O-O $5 ) 15. e5 $146 ({Predecessor:} 15. O-O-O $1 $11 O-O-O 16. Bg5 Rh5 {½-½ (36) Jun,Z (2244)-Kamsky,G (2690) Khanty-Mansiysk 2005}) 15... Nd5 16. Bd3 a5 17. a3 Rh4 18. Bc3 $1 Be7 19. g3 $1 Rh6 (19... Rh8 $14) 20. Bd2 Rh8 21. O-O-O Qb6 $16 22. Qxb6 Nxb6 23. Rdf1 Nd5 24. e6 Bf6 25. exf7+ Kxf7 26. g4 Rh3 27. Kc2 g5 28. Bxg5 Kg8 29. Bc1 Bxd4 30. g5 Re8 31. g6 Bf6 32. Rf2 Re5 33. Rf5 Kf8 34. Rxe5 Bxe5 35. Bd2 b6 36. b4 axb4 37. axb4 Ke7 38. Be4 Kd6 39. Rd1 Rxh2 40. Kb3 b5 41. Bd3 Ke6 42. Be4 Rh4 43. Re1 Kd6 44. Kc2 Rh2 45. Kd3 Rxd2+ {[%emt 0:00:25] Kd4} 0-1

[Event "World Team-ch Women 2017"]
[Site "Khanty-Mansyisk"]
[Date "2017.06.25"]
[Round "8"]
[White "Karavade, Eesha"]
[Black "Vo, Thi Kim Phung"]
[Result "1-0"]
[ECO "E90"]
[WhiteElo "2388"]
[BlackElo "2378"]
[Annotator "NA"]
[PlyCount "161"]
[EventDate "2017.??.??"]
[EventType "team-tourn"]
[EventCountry "RUS"]
[SourceTitle "playchess.com"]
[Source "ChessBase"]
[SourceQuality "1"]
[WhiteTeam "IND"]
[BlackTeam "VIE"]
[WhiteTeamCountry "IND"]
[BlackTeamCountry "VIE"]
[TimeControl "40/5400+30:1800+30"]

1. d4 Nf6 2. c4 g6 3. Nc3 Bg7 4. e4 d6 5. Nf3 O-O 6. h3 Nbd7 7. Be3 e5 8. d5 a5 9. g4 Nc5 10. Nd2 Ne8 11. h4 f5 12. g5 f4 13. Bxc5 dxc5 14. Qf3 Nd6 15. Nb5 Rf7 16. Nxd6 cxd6 17. Bh3 Bf8 18. Nb1 Qb6 19. Qb3 Qb4+ 20. Nc3 Bxh3 21. Rxh3 Qxb3 22. axb3 b6 23. O-O-O Raa7 24. Rg1 Be7 25. Kb1 Bd8 26. Ka2 Kf8 27. Ka3 Rg7 28. Ka4 Ke8 29. Nb5 Rad7 30. h5 Kf8 31. Nc3 Ra7 32. Nb1 Kg8 33. Nd2 Be7 34. Nf3 Bf8 35. hxg6 hxg6 36. Rgh1 Kf7 37. Rh7 Ra8 38. Rxg7+ Bxg7 39. Kb5 Kg8 40. Nd2 Bf8 41. Kxb6 Be7 42. Kc7 Bf8 43. Kb7 Re8 44. Nb1 Be7 45. Kc7 Bxg5 46. Kxd6 Rb8 47. Nd2 f3 48. Nxf3 Bf4 49. Ke6 Rxb3 50. Nxe5 Rxb2 51. Nxg6 Rb6+ 52. Kf5 Bc7 53. e5 a4 54. d6 Bxd6 55. exd6 Rxd6 56. Ra1 Ra6 57. Ra3 Kg7 58. Nf4 Kf7 59. Ke5 Ra8 60. Nd3 Ke7 61. Nxc5 Rc8 62. Kd4 Rd8+ 63. Kc3 Rf8 64. Nd3 Ra8 65. Kb4 Rb8+ 66. Kxa4 Kd6 67. Rb3 Rf8 68. Kb4 Rf5 69. c5+ Kd5 70. Kc3 Kc6 71. Rb6+ Kc7 72. Kd4 Rf3 73. Ke4 Rh3 74. f4 Rh1 75. f5 Rh4+ 76. Nf4 Rh7 77. Nd5+ Kc8 78. f6 Rh4+ 79. Ke5 Kd7 80. Rb7+ Kc8 81. c6 1-0

[Event "World Team-ch Women 2017"]
[Site "Khanty-Mansyisk"]
[Date "2017.06.25"]
[Round "8"]
[White "Hoang, Thi Bao Tram"]
[Black "Tania, Sachdev"]
[Result "1/2-1/2"]
[ECO "A46"]
[WhiteElo "2380"]
[BlackElo "2408"]
[Annotator "NA"]
[PlyCount "157"]
[EventDate "2017.??.??"]
[EventType "team-tourn"]
[EventCountry "RUS"]
[SourceTitle "playchess.com"]
[Source "ChessBase"]
[SourceQuality "1"]
[WhiteTeam "VIE"]
[BlackTeam "IND"]
[WhiteTeamCountry "VIE"]
[BlackTeamCountry "IND"]
[TimeControl "40/5400+30:1800+30"]

1. d4 Nf6 2. Nf3 e6 3. Bf4 b6 4. e3 Bb7 5. Nbd2 Be7 6. Bd3 c5 7. c3 O-O 8. h3 d6 9. O-O cxd4 10. exd4 Nbd7 11. Qe2 Re8 12. Rfe1 Qc7 13. Bh2 Nf8 14. Ng5 h6 15. Nge4 Nxe4 16. Nxe4 Nd7 17. Rad1 Nf6 18. f3 a6 19. Nf2 b5 20. Bb1 Rac8 21. a3 Bf8 22. Ng4 Nd5 23. Qd3 g6 24. Qd2 h5 25. Nf2 Kg7 26. Ne4 Be7 27. Qd3 Qd7 28. Ba2 Nf6 29. Ng5 Bd5 30. Bb1 Bf8 31. Qe3 Nh7 32. Ne4 f5 33. Nf2 Be7 34. Nd3 Bh4 35. Re2 Bg5 36. Qf2 Bc4 37. Ree1 a5 38. Nf4 Qf7 39. Qg3 Bb3 40. Rd3 e5 41. dxe5 dxe5 42. Ne2 Bc4 43. Rd6 Be7 44. Rdd1 h4 45. Qf2 Bc5 46. Nd4 exd4 47. cxd4 Rxe1+ 48. Qxe1 Be7 49. Be5+ Bf6 50. Qxa5 Re8 51. Re1 Bxe5 52. dxe5 Qd5 53. Qc3 Kg8 54. Qe3 Qe6 55. Qh6 Qb6+ 56. Kh2 Nf8 57. Qxh4 Nd7 58. Qg3 Kf7 59. Qh4 Kg7 60. Qg3 Qe6 61. f4 Nc5 62. Rd1 Ne4 63. Bxe4 fxe4 64. Rd6 Qf5 65. Rf6 Qh5 66. f5 Bf7 67. Qf4 e3 68. Qxe3 gxf5 69. Qg3+ Kf8 70. Qf4 Re6 71. Rxf5 Qg6 72. Rg5 Qd3 73. Rf5 Qd7 74. Rg5 Ke8 75. Qh4 Qd2 76. Qh8+ Ke7 77. Qh4 Ke8 78. Qh8+ Ke7 79. Qh4 1/2-1/2

[Event "World Team-ch Women 2017"]
[Site "Khanty-Mansyisk"]
[Date "2017.06.25"]
[Round "8"]
[White "Mammadzada, Gunay"]
[Black "Nemcova, Katerina"]
[Result "1/2-1/2"]
[ECO "C07"]
[WhiteElo "2368"]
[BlackElo "2313"]
[Annotator "NA"]
[PlyCount "69"]
[EventDate "2017.??.??"]
[EventType "team-tourn"]
[EventCountry "RUS"]
[SourceTitle "playchess.com"]
[Source "ChessBase"]
[SourceQuality "1"]
[WhiteTeam "AZE"]
[BlackTeam "USA"]
[WhiteTeamCountry "AZE"]
[BlackTeamCountry "USA"]
[TimeControl "40/5400+30:1800+30"]

1. e4 e6 2. d4 d5 3. Nd2 c5 4. Ngf3 cxd4 5. Nxd4 Nc6 6. Bb5 Bd7 7. Nxc6 bxc6 8. Bd3 Qc7 9. Qe2 Ne7 10. Nf3 Ng6 11. O-O Bd6 12. Re1 Nf4 13. Bxf4 Bxf4 14. g3 Bh6 15. c4 O-O 16. Rad1 g6 17. e5 c5 18. h4 Bc6 19. h5 dxc4 20. Be4 Rab8 21. Bxc6 Qxc6 22. Nh2 Rfd8 23. Ng4 Bg5 24. Nf6+ Bxf6 25. exf6 Rd5 26. Qe4 Rbd8 27. hxg6 hxg6 28. Rc1 e5 29. Rcd1 R8d6 30. Rxd5 Qxd5 31. Qxe5 Qxe5 32. Rxe5 Rxf6 33. Rxc5 Rb6 34. Rxc4 Rxb2 35. Ra4 1/2-1/2

[Event "World Team-ch Women 2017"]
[Site "Khanty-Mansyisk"]
[Date "2017.06.25"]
[Round "8"]
[White "Foisor, Sabina-Francesca"]
[Black "Mamedjarova, Zeinab"]
[Result "1-0"]
[ECO "D20"]
[WhiteElo "2331"]
[BlackElo "2289"]
[Annotator "NA"]
[PlyCount "87"]
[EventDate "2017.??.??"]
[EventType "team-tourn"]
[EventCountry "RUS"]
[SourceTitle "playchess.com"]
[Source "ChessBase"]
[SourceQuality "1"]
[WhiteTeam "USA"]
[BlackTeam "AZE"]
[WhiteTeamCountry "USA"]
[BlackTeamCountry "AZE"]
[TimeControl "40/5400+30:1800+30"]

1. d4 d5 2. c4 dxc4 3. e4 Nc6 4. Nf3 Bg4 5. d5 Ne5 6. Bf4 Ng6 7. Be3 Nf6 8. Bxc4 e5 9. Nc3 a6 10. Be2 Bd6 11. Nd2 Bd7 12. O-O O-O 13. a3 Qe7 14. Rc1 Kh8 15. Re1 Rad8 16. Nc4 Ne8 17. Bg4 Qh4 18. Bxd7 Rxd7 19. Qe2 f5 20. exf5 Rxf5 21. g3 Qd8 22. Na5 Qa8 23. Ne4 Ne7 24. Red1 Rf8 25. Nc4 Ng6 26. Qg4 Re7 27. h4 Ref7 28. Ncxd6 Nxd6 29. Ng5 Qe8 30. Nxf7+ Rxf7 31. Bc5 Nf5 32. d6 cxd6 33. Bxd6 Rf6 34. Bc7 Nd4 35. Rxd4 exd4 36. Qxd4 Qe2 37. Be5 Rf7 38. Rc8+ Nf8 39. Bxg7+ Kg8 40. Bxf8 Qe1+ 41. Kg2 Qe6 42. Rd8 Rxf8 43. Rxf8+ Kxf8 44. Qh8+ 1-0

[Event "World Team-ch Women 2017"]
[Site "Khanty-Mansyisk"]
[Date "2017.06.25"]
[Round "8"]
[White "Yu, Jennifer R"]
[Black "Mammadova, Gulnar"]
[Result "1/2-1/2"]
[ECO "A25"]
[WhiteElo "2319"]
[BlackElo "2362"]
[Annotator "NA"]
[PlyCount "102"]
[EventDate "2017.??.??"]
[EventType "team-tourn"]
[EventCountry "RUS"]
[SourceTitle "playchess.com"]
[Source "ChessBase"]
[SourceQuality "1"]
[WhiteTeam "USA"]
[BlackTeam "AZE"]
[WhiteTeamCountry "USA"]
[BlackTeamCountry "AZE"]
[TimeControl "40/5400+30:1800+30"]

1. c4 e5 2. Nc3 Nc6 3. g3 g6 4. Bg2 Bg7 5. e4 d6 6. Nge2 Nge7 7. d3 Be6 8. Nd5 O-O 9. Be3 Nd4 10. O-O c6 11. Nxe7+ Qxe7 12. Nxd4 exd4 13. Bd2 f5 14. Qe2 Rae8 15. Rae1 Qd7 16. b3 a6 17. a4 b5 18. axb5 axb5 19. cxb5 cxb5 20. Qd1 fxe4 21. Rxe4 d5 22. Ree1 Bg4 23. f3 Bf5 24. Bb4 Rxe1 25. Rxe1 Re8 26. g4 Rxe1+ 27. Bxe1 Be6 28. Qe2 Kf7 29. Bg3 Bh6 30. h3 Be3+ 31. Kh2 h5 32. Be5 Qe7 33. f4 Qh4 34. f5 gxf5 35. gxf5 Bxf5 36. Bxd5+ Ke7 37. Bg2 Qf2 38. Qxf2 Bxf2 39. Bf1 Ke6 40. Bg7 Kf7 41. Be5 Ke6 42. Bg7 Kf7 43. Be5 Be6 44. b4 Be1 45. Bd6 Bd5 46. Bg2 Ke6 47. Bc5 Bxg2 48. Kxg2 Kf5 49. Kf3 Bd2 50. Kg3 Be1+ 51. Kf3 Bd2 {[%emt 0:00:08] Ke4+ Ke5+} 1/2-1/2

[Event "World Team-ch Women 2017"]
[Site "Khanty-Mansyisk"]
[Date "2017.06.25"]
[Round "8"]
[White "Nguyen, Thi Mai Hung"]
[Black "Padmini, Rout"]
[Result "1/2-1/2"]
[ECO "A49"]
[WhiteElo "2301"]
[BlackElo "2375"]
[Annotator "NA"]
[PlyCount "84"]
[EventDate "2017.??.??"]
[EventType "team-tourn"]
[EventCountry "RUS"]
[SourceTitle "playchess.com"]
[Source "ChessBase"]
[SourceQuality "1"]
[WhiteTeam "VIE"]
[BlackTeam "IND"]
[WhiteTeamCountry "VIE"]
[BlackTeamCountry "IND"]
[TimeControl "40/5400+30:1800+30"]

1. d4 Nf6 2. Nf3 g6 3. g3 Bg7 4. Bg2 O-O 5. O-O d6 6. a4 Na6 7. Re1 c5 8. c3 Bf5 9. Nbd2 d5 10. Nb3 cxd4 11. Nbxd4 Bd7 12. Ne5 Bc8 13. Nd3 Ne4 14. Be3 Nc7 15. Qb3 e5 16. Nf3 Re8 17. Rad1 Be6 18. Qc2 f6 19. Nc5 Nxc5 20. Bxc5 Qd7 21. Ba3 Qf7 22. Nd2 f5 23. e3 Rad8 24. Rc1 h6 25. c4 e4 26. cxd5 Nxd5 27. Bf1 Rc8 28. Qb1 Nb6 29. a5 Nd7 30. Rxc8 Rxc8 31. Rc1 Rxc1 32. Qxc1 Ne5 33. a6 bxa6 34. Bxa6 Qd7 35. Be2 a5 36. Nb1 Nd3 37. Qd2 Nxb2 38. Qxa5 Nc4 39. Qa8+ Kh7 40. Bf8 Qb5 41. Na3 Nb6 42. Nxb5 Nxa8 1/2-1/2

[Event "World Team-ch Women 2017"]
[Site "Khanty-Mansyisk"]
[Date "2017.06.26"]
[Round "9"]
[White "Nguyen, Thi Mai Hung"]
[Black "Kulon, Klaudia"]
[Result "0-1"]
[ECO "A49"]
[WhiteElo "2301"]
[BlackElo "2381"]
[Annotator "RC"]
[PlyCount "80"]
[EventDate "2017.??.??"]
[EventType "team-tourn"]
[EventCountry "RUS"]
[SourceTitle "playchess.com"]
[Source "ChessBase"]
[SourceQuality "1"]
[WhiteTeam "VIE"]
[BlackTeam "POL"]
[WhiteTeamCountry "VIE"]
[BlackTeamCountry "POL"]
[TimeControl "40/5400+30:1800+30"]

1. d4 g6 2. Nf3 Nf6 3. g3 Bg7 4. Bg2 O-O 5. O-O d6 6. a4 Na6 7. Re1 c5 8. d5 Nc7 9. e4 b6 10. Nc3 Bb7 11. Be3 a6 12. Qd2 Re8 13. Bh6 Bh8 14. h3 b5 15. Nh4 b4 16. Nd1 e6 17. dxe6 Nxe6 18. f4 Nd4 19. Nf2 b3 20. Re3 bxc2 21. Rae1 Qb6 22. b3 Rac8 23. Nf3 d5 24. e5 Ne4 25. Nxe4 dxe4 26. Nh4 c4 27. b4 c3 28. Qf2 Qxb4 29. Bxe4 Bxe4 30. Rxe4 Qb1 31. f5 Rxe5 32. Rxe5 Bxe5 33. Kh2 Bg7 34. Bc1 Nb3 35. Qf1 Nxc1 36. Rxc1 Rb8 37. fxg6 hxg6 38. Nxg6 Qxc1 39. Qxc1 Rb1 40. Ne7+ Kh8 0-1